 Dungeon Crawl Stone Soup version 0.23.1 (webtiles) character file.

Game seed: 6487110353654072911

99 Borgoz the Sneak (level 5, 0/30 HPs)
             Began as a Kobold Enchanter on Mar 7, 2019.
             Slain by a gnoll
             ... wielding a +0 spear
              (10 damage)
             ... on level 2 of the Dungeon.
             The game lasted 00:05:17 (2357 turns).

Borgoz the Sneak (Kobold Enchanter)                 Turns: 2357, Time: 00:05:18

Health: 0/30       AC:  2    Str:  6    XL:     5   Next: 2%
Magic:  5/9        EV: 16    Int: 17    God:
Gold:   65         SH:  0    Dex: 15    Spells: 6/9 levels left

rFire    . . .     SeeInvis .   r - +2 dagger (speed)
rCold    . . .     Gourm    .   (shield restricted)
rNeg     . . .     Faith    .   b - +0 robe
rPois    .         Spirit   .   (no helmet)
rElec    .         Reflect  .   (no cloak)
rCorr    .         Harm     .   (no gloves)
MR       .....     Rnd*Tele +   (no boots)
Stlth    +++.......             (no amulet)
HPRegen  0.10/turn              t - ring of teleportation (curse)
MPRegen  0.11/turn              (no ring)

@: lethally poisoned (0 -> -5), very slightly contaminated
A: small, carnivore
a: no special abilities


You were on level 2 of the Dungeon.
You were completely stuffed.

You visited 1 branch of the dungeon, and saw 3 of its levels.

You collected 65 gold pieces.

Inventory:

Hand Weapons
 r - a +2 dagger of speed (weapon)
Missiles
 p - a throwing net (quivered)
Armour
 b - a +0 robe (worn)
 f - a +0 leather armour
Jewellery
 k - an uncursed amulet of faith
 o - an uncursed ring of fire
 t - a cursed ring of teleportation (left hand)
Scrolls
 c - 2 scrolls of enchant weapon {unknown}
 g - a scroll of teleportation {unknown}
 i - a scroll of blinking {unknown}
 n - a scroll of fear
Potions
 a - 2 potions of mutation
 e - 3 potions of heal wounds
 h - a potion of agility {unknown}
 j - a potion of curing {unknown}
 l - a potion of flight {unknown}
 m - a potion of haste {unknown}
 s - a potion of ambrosia {unknown}
Comestibles
 d - a ration


   Skills:
 + Level 1.7 Fighting
 + Level 2.7 Short Blades
 + Level 1.1 Armour
 + Level 3.2 Dodging
 - Level 4.0 Stealth
 + Level 2.8 Spellcasting
 + Level 3.2 Hexes


You had 6 spell levels left.
You knew the following spells:

 Your Spells              Type           Power        Failure   Level  Hunger
a - Corona                Hex            ##.....      4%          1    #......
b - Ensorcelled Hibernat  Hex/Ice        #.....       14%         2    ##.....

Your spell library contained the following spells:

 Spells                   Type           Power        Failure   Level  Hunger
 Confuse                  Hex            ##......     14%         3    ###....
 Tukima's Dance           Hex            ##......     14%         3    ###....
 Dazzling Spray           Conj/Hex       #.....       26%         3    ###....


Dungeon Overview and Level Annotations

Branches:
Dungeon (3/15)

Altars:
Uskayaw
Yredelemnul


Innate Abilities, Weirdness & Mutations

You are small and have problems with some larger weapons.
You are carnivorous and can eat meat at any time.


Message History

Aim: a gnoll, wielding a +1 spear of venom (chance to defeat MR: 49%)
The gnoll resists with some effort.
Casting: Ensorcelled Hibernation (safe; 14% risk of failure)
Confirm with . or Enter, or press ? or * to list all spells.
Aiming: Ensorcelled Hibernation (safe; 14% risk of failure)
Press: ? - help, Shift-Dir - straight line, f/p - gnoll
Aim: a gnoll, wielding a +1 spear of venom (chance to defeat MR: 49%)
The gnoll resists with some effort.
The gnoll hits you from afar with a +1 spear of venom.
You are poisoned.
You feel sick.
You feel sick.
You feel sick.
The gnoll shouts! x2
The gnoll closely misses you. The gnoll misses you.
The gnoll barely misses you.
You feel sick. The gnoll barely misses you. The gnoll misses you.
The gnoll hits you with a +0 spear.
The gnoll hits you from afar with a +0 spear!
You die...

#.###..........
#.#........... #...#........
##.#.#÷.....###..
#........#...... #
#..#.##.....##
##########.##.###.....##
..............g......(÷...>..
.######..#..#gg.@.##.####....
..# ##..#..##.##.##.# #.
..####......##......##
....##...##g##...(.##
.#..##.).##.######.#
.........##.# #...#
....##.#.##'####.#.#
...................#
.....#.#.........###


You could see 3 gnolls.

Vanquished Creatures
  5 adders (D:2)
  A dart slug (D:1)
  4 orcs (D:3)
  2 giant cockroaches
  8 goblins
  4 hobgoblins
  4 jackals (D:1)
  6 kobolds
  3 ball pythons (D:1)
  5 bats
  2 frilled lizards
  3 rats (D:1)
47 creatures vanquished.

Notes
Turn   | Place    | Note
-------+----------+-------------------------------------------
     0 | D:1      | Borgoz the Kobold Enchanter began the quest for the Orb.
     0 | D:1      | Reached XP level 1. HP: 10/10 MP: 3/3
    81 | D:1      | Reached XP level 2. HP: 12/16 MP: 5/5
   358 | D:1      | Learned a level 2 spell: Ensorcelled Hibernation
   664 | D:1      | Reached XP level 3. HP: 3/20 MP: 1/6
   995 | D:1      | Reached skill level 1 in Fighting
  1646 | D:2      | Reached XP level 4. HP: 20/25 MP: 1/8
  1732 | D:2      | Reached skill level 1 in Armour
  1809 | D:2      | You fall through a shaft!
  1810 | D:3      | Found a hide-covered altar of Uskayaw.
  1810 | D:3      | Found a basalt altar of Yredelemnul.
  2040 | D:2      | Reached XP level 5. HP: 24/30 MP: 6/9
  2357 | D:2      | Slain by a gnoll

Skill      XL: |  1  2  3  4 |
---------------+-------------+-----
Short Blades   | 2 |  2.7
Fighting       | 1 |  1.7
Dodging        | 3 |  3.2
Armour         | 1 |  1.1
Stealth        | |  4.0
Spellcasting   | |  2.8
Hexes          | |  3.2

Action                   |  1- 3 |  4- 6 || total
-------------------------+-------+-------++-------
Melee: Dagger            |   140 |    77 ||   217
 Cast: Ensorcelled Hiber |     6 |     8 ||    14
       Corona            |     2 |       ||     2
  Use: Scroll            |       |     4 ||     4
 Stab: Sleeping          |     9 |     6 ||    15
       Distracted        |     1 |       ||     1
  Eat: Chunk             |    10 |     4 ||    14
Armor: Robe              |    18 |     5 ||    23
Dodge: Dodged            |   105 |    70 ||   175
